 Dungeon Sprint DCSS version 0.29-a0-356-g7bc237e783 (webtiles) character file.

Game seed: 17221066639393319520

1699 Zeldest the Basher (level 8, -3/88 HPs)
             Began as a Troll Fighter on Apr 25, 2022.
             Was an Initiate of Jiyva.
             Slain by an efreet
             ... wielding a +3 scimitar of flaming
              (16 damage)
             ... in the Dungeon (Sprint IX: "|||||||||||||||||||||||||||||").
             The game lasted 00:02:05 (217 turns).

Zeldest the Basher (Troll Fighter)                   Turns: 217, Time: 00:02:06

Health: -3/88      AC:  4    Str: 30    XL:     8   Next: 73%
Magic:  7/7        EV: 12    Int:  4    God:    Jiyva [......]
Gold:   0          SH:  0    Dex: 12    Spells: 7/7 levels left

rFire   + . .      SeeInvis .   c - +2 dire flail of the Blind Eye {elec, rF+ Will++}
rCold   . . .      Faith    .   (shield currently unavailable)
rNeg    . . .      Spirit   .   b - +0 robe
rPois   .          Reflect  .   (helmet restricted)
rElec   .          Harm     .   (no cloak)
rCorr   .          Rampage  .   (gloves unavailable)
Will    ++...      NoTele   +   (boots unavailable)
Stlth   +.........              (no amulet)
HPRegen 1.04/turn               o - +3 ring of strength
MPRegen 0.10/turn               n - +3 ring of dexterity

@: mighty, hasted and slowed
A: large, unfitting armour, claws 3, regeneration 1, shaggy fur 1, tough skin 1
a: Renounce Religion


You were in the Dungeon.
You worshipped Jiyva.
Jiyva was noncommittal.
You visited 1 branch

Inventory:

Hand Weapons
 a - a +0 flail
 c - the +2 dire flail of the Blind Eye (weapon) {elec, rF+ Will++}
   (You found it in the Dungeon)

   It occasionally discharges a powerful burst of electricity upon striking a
   foe.
   rF:        It protects you from fire.
   Will:      It greatly increases your willpower.
Armour
 b - a +0 robe (worn)
Jewellery
 n - a +3 ring of dexterity (right claw)
 o - a +3 ring of strength (left claw)
Wands
 m - a wand of iceblast (9)
Scrolls
 j - 2 scrolls of blinking
 l - 2 scrolls of amnesia
Potions
 h - 4 potions of magic
 k - 2 potions of curing


   Skills:
 + Level 7.8 Fighting
 * Level 11.6 Maces & Flails
 + Level 7.3 Armour
 + Level 7.9 Dodging
 - Level 2.4 Shields


You had 7 spell levels left.
You didn't know any spells.
Your spell library was empty.

Dungeon Overview and Level Annotations

Branches:
Dungeon (1/1)

Altars:
Cheibriados
Dithmenos
Elyvilon
Fedhas
Gozag
Hepliaklqana
Kikubaaqudgha
Makhleb
Nemelex Xobeh
Okawaru
Qazlal
Ru
Sif Muna
Trog
Uskayaw
Vehumet
Wu Jian
Xom
Yredelemnul
Zin
The Shining One
Beogh
Jiyva
Lugonu


Innate Abilities, Weirdness & Mutations

You are too large for most types of armour.
You have claws for hands.
Your natural rate of healing is unusually fast.
You are covered in fur. (AC +1)
You have tough skin. (AC +1)


Message History

The wraith is heavily damaged.
You hit the wraith but do no damage.
The wraith is heavily damaged.
The wraith hits you! The wraith drains your vigour!
You feel yourself slow down.
You hit the wraith. Lightning courses through the wraith!
You destroy the wraith!
Your Maces & Flails skill increases to level 11!
You thump the cyclops!
The cyclops is heavily wounded.
The manticore is engulfed in blazing flames.
You sock the cyclops!
The cyclops is severely wounded.
The cyclops hits you!!
You completely miss the cyclops.
The cyclops is severely wounded.
The manticore is engulfed in blazing flames.
You barely miss the cyclops.
The cyclops is severely wounded.
The manticore is engulfed in blazing flames.
The cyclops hits you.
* * * LOW HITPOINT WARNING * * *
Okay, then.
You hit the cyclops. Lightning courses through the cyclops!!
You kill the cyclops!
The efreet gestures at you.
The fireball explodes!
The fireball engulfs you! You resist.
* * * LOW HITPOINT WARNING * * *
The manticore is engulfed in blazing flames.
The manticore dies!
Your Armour skill increases to level 7!
The efreet gestures at you. The bolt of fire hits you! You resist.
* * * LOW HITPOINT WARNING * * *
There is an open door, spattered with blood here.
Things that are here:
5 large rocks; a cyclops corpse You feel better.
The efreet hits you with a +3 scimitar of flaming!
You die... ▓▓▓▓▓▓▓▓▓▓▓▓▓▓▓▓▓▓▓▓▓▓▓▓ ..[.[[[..)......@R°Q...+ ▓▓▓▓▓▓▓▓▓▓▓▓▓▓▓▓▓▓▓▓▓▓▓▓

You could see a tengu warrior and an efreet.

Vanquished Creatures
  A cyclops (D)
  An unseen horror (D)
  A hornet (D)
  2 shadows (D)
  2 wraiths (D)
  A vampire mosquito (D)
  A necrophage (D)
  An iguana (D)
  An orc wizard (D)
  2 adders (D)
  An orc (D)
  2 giant cockroaches (D)
  3 rats (D)
19 creatures vanquished.

Vanquished Creatures (others)
  An eleionoma (shapeshifter) (D)
  A great orb of eyes (D)
  A manticore (D)
  A large abomination (D)
  4 slime creatures (D)
8 creatures vanquished.

Grand Total: 27 creatures vanquished

Notes
Turn   | Place    | Note
-------+----------+-------------------------------------------
     0 | D        | Zeldest the Troll Fighter began the quest for the Orb.
     0 | D        | Reached XP level 1. HP: 22/22 MP: 0/0
     6 | D        | Reached skill level 2 in Maces & Flails
    26 | D        | Noticed an iguana
    26 | D        | Noticed a necrophage
    46 | D        | Reached skill level 3 in Maces & Flails
    46 | D        | Reached skill level 1 in Armour
    46 | D        | Reached XP level 2. HP: 31/31 MP: 1/1
    55 | D        | Reached skill level 4 in Maces & Flails
    55 | D        | Reached XP level 3. HP: 27/37 MP: 2/2
    62 | D        | Killed a necrophage
    63 | D        | Reached skill level 5 in Maces & Flails
    63 | D        | Reached XP level 4. HP: 26/48 MP: 3/3
    71 | D        | Found a snail-covered altar of Cheibriados.
    71 | D        | Found a shadowy altar of Dithmenos.
    71 | D        | Found a white marble altar of Elyvilon.
    71 | D        | Found a blossoming altar of Fedhas.
    71 | D        | Found an opulent altar of Gozag.
    72 | D        | Found a hazy altar of Hepliaklqana.
    73 | D        | Found a viscous altar of Jiyva.
    74 | D        | Found an ancient bone altar of Kikubaaqudgha.
    75 | D        | Found a corrupted altar of Lugonu.
    76 | D        | Found a burning altar of Makhleb.
    77 | D        | Found a sparkling altar of Nemelex Xobeh.
    78 | D        | Found an iron altar of Okawaru.
    79 | D        | Found a stormy altar of Qazlal.
    80 | D        | Found a sacrificial altar of Ru.
    81 | D        | Became a worshipper of Jiyva Juasiv the Shapeless
    81 | D        | Killed a large abomination
    82 | D        | Found a shimmering blue altar of Sif Muna.
    82 | D        | Killed a slime creature
    83 | D        | Found a bloodstained altar of Trog.
    83 | D        | Killed a slime creature
    83 | D        | Killed a slime creature
    83 | D        | Killed an eleionoma
    84 | D        | Found a hide-covered altar of Uskayaw.
    85 | D        | Found a radiant altar of Vehumet.
    86 | D        | Found an ornate altar of the Wu Jian Council.
    86 | D        | Killed a great orb of eyes
    87 | D        | Found a shimmering altar of Xom.
    88 | D        | Found a basalt altar of Yredelemnul.
    89 | D        | Found a glowing silver altar of Zin.
    90 | D        | Found a glowing golden altar of the Shining One.
    91 | D        | Killed a slime creature
   116 | D        | Got the +2 dire flail of the Blind Eye {elec, rF+ Will++}
   127 | D        | Noticed a shadow
   127 | D        | Noticed a wraith
   127 | D        | Noticed a shadow
   127 | D        | Noticed a vampire mosquito
   127 | D        | Noticed a hornet
   140 | D        | Killed a shadow
   141 | D        | Reached skill level 5 in Fighting
   141 | D        | Reached skill level 7 in Maces & Flails
   141 | D        | Reached skill level 5 in Dodging
   141 | D        | Reached XP level 5. HP: 57/57 MP: 4/4
   147 | D        | Killed a wraith
   148 | D        | Reached skill level 8 in Maces & Flails
   148 | D        | Reached skill level 5 in Armour
   148 | D        | Reached XP level 6. HP: 30/67 MP: 5/5
   156 | D        | Killed a shadow
   157 | D        | Reached skill level 9 in Maces & Flails
   157 | D        | Reached XP level 7. HP: 11/75 MP: 6/6
   163 | D        | Killed a vampire mosquito
   167 | D        | Killed a hornet
   168 | D        | Reached skill level 10 in Maces & Flails
   201 | D        | Noticed a wraith
   201 | D        | Noticed a cyclops
   201 | D        | Noticed an efreet
   201 | D        | Noticed a manticore
   201 | D        | Noticed a tengu warrior
   206 | D        | Killed an unseen horror
   207 | D        | Reached XP level 8. HP: 66/87 MP: 7/7
   211 | D        | Reached skill level 11 in Maces & Flails
   215 | D        | Killed a cyclops
   215 | D        | Killed a manticore
   217 | D        | Slain by an efreet

Illustrated notes

Levels and vault maps discovered:
D:        linesprint [early_d, line_temple, items_1, d_10, items_2, lair_1,
          lair_end, items_3, orc_1, orc_end, items_4, d_15, swamp_1, shoals_1,
          snake_1, spider_1, d_20, vaults_1, items_5, swamp_end, shoals_end,
          snake_end, spider_end, vaults_end, d_27, items_6, zot_1, zot_end,
          crypt_end, forest_end, elf_end, slime_end, tomb_end, abyss_end,
          pan_hell_end]

Skill      XL: |  1  2  3  4  5  6  7  8 |
---------------+-------------------------+-----
Maces & Flails | 3 4 5 7 8 9 10 11 | 11.6
Fighting       | 3 4 5 6 7 |  7.8
Armour         | 1 2 3 4 5 6 7 |  7.3
Dodging        | 3 4 5 6 7 |  7.9
Shields        | |  2.4

Action                   |  1- 3 |  4- 6 |  7- 9 || total
-------------------------+-------+-------+-------++-------
Melee: Flail             |    50 |     2 |       ||    52
       Dire flail        |       |    28 |    21 ||    49
Evoke: Wand              |       |       |     1 ||     1
  Use: Potion            |     2 |     2 |     6 ||    10
Armor: Robe              |    19 |     3 |     7 ||    29
Dodge: Dodged            |    19 |     7 |     4 ||    30
Block: Kite shield       |    17 |       |       ||    17

Table legend: (Time is in decaauts)
 A = Elapsed time spent in this place.
 B = Non-inter-level travel time spent in this place.
 C = Inter-level travel time spent in this place.
 D = Time resting spent in this place.
 E = Time spent auto-exploring this place.
 F = Levels seen in this place.
 G = Mean time per level.
                   A        B        C        D        E       F      G
               +--------+--------+--------+--------+--------+-----+--------+
         Total |    248 |    248 |      0 |      0 |      0 |   1 |  248.0 |
       Dungeon |    248 |    248 |      0 |      0 |      0 |   1 |  248.0 |
               +--------+--------+--------+--------+--------+-----+--------+

Top non-repeatable levels by time:
       D: 248 daAuts
